 Dungeon Crawl Stone Soup version 0.20.2-3-g29329e0561 (webtiles) character file.

65 Alfie the Covered (level 3, 0/33 HPs)
             Began as a Minotaur Fighter on Oct 27, 2020.
             Slain by a gnoll
             ... wielding a +1 halberd of chopping
              (1 damage)
             ... on level 2 of the Dungeon.
             The game lasted 00:02:13 (684 turns).

Alfie the Covered (Minotaur Fighter)                 Turns: 684, Time: 00:02:13

Health: 0/33       AC:  7    Str: 21    XL:     3   Next: 94%
Magic:  2/2        EV:  7    Int:  5    God:
Gold:   57         SH:  9    Dex:  9    Spells: 2/2 levels left

rFire    . . .     SeeInvis .   a - +0 long sword
rCold    . . .     Gourm    .   c - +0 shield
rNeg     . . .     Faith    .   b - +0 scale mail
rPois    .         Spirit   .   (helmet restricted)
rElec    .         Reflect  .   (no cloak)
rCorr    .         Harm     .   (no gloves)
MR       .....                  (no boots)
Stlth    ..........             (no amulet)
Regen    0.2/turn               (no ring)
MPRegen  0.1/turn               (no ring)

@: no status effects
A: retaliatory headbutt, horns 2
a: no special abilities


You were on level 2 of the Dungeon.
You were not hungry.

You visited 1 branch of the dungeon, and saw 2 of its levels.

You collected 57 gold pieces.

Inventory:

Hand Weapons
 a - a +0 long sword (weapon)
Armour
 b - a +0 scale mail (worn)
 c - a +0 shield (worn)
Jewellery
 o - a cursed amulet of inaccuracy {unknown}
Scrolls
 e - 5 scrolls of identify {unknown}
 g - a scroll of teleportation {unknown}
 i - a scroll of fear {unknown}
 j - 2 scrolls of fog {unknown}
Potions
 d - a potion of might
 k - a potion of mutation {unknown}
 m - a potion of heal wounds {unknown}
 n - a potion of curing {unknown}
Comestibles
 f - 3 bread rations
 h - 2 meat rations
 l - 2 royal jellies


   Skills:
 + Level 4.1 Fighting
 + Level 3.2 Long Blades
 + Level 4.3 Armour
 + Level 0.2 Dodging
 + Level 0.1 Stealth
 + Level 4.3 Shields


You had 2 spell levels left.
You didn't know any spells.

Dungeon Overview and Level Annotations

Branches:
Dungeon (2/15)

Altars:


Innate Abilities, Weirdness & Mutations

You reflexively headbutt those who attack you in melee.
You have a pair of horns on your head.


Message History

You barely miss the giant cockroach.
The giant cockroach completely misses you.
You riposte.
You hit the giant cockroach but do no damage.
You slash the giant cockroach!
You kill the giant cockroach!
You block the bat's attack.
The gnoll hits you from afar with a halberd of chopping!
You barely miss the gnoll. The gnoll hits you with a whip.
The gnoll hits you from afar with a halberd of chopping!
* * * LOW HITPOINT WARNING * * *
x2 You hit the gnoll.
The gnoll is heavily wounded.
The gnoll hits you but does no damage. You block the gnoll's attack.
You hit the gnoll.
The gnoll is severely wounded.
The gnoll hits you but does no damage.
The gnoll hits you from afar with a halberd of chopping.
* * * LOW HITPOINT WARNING * * *
You die...

#.....#.....##
#............##
#..........#..# #####
####.#.#........ #...#
#............#.< #...#
#............... #...#
#...).<.........
#...####g..)......##...
#...).@gg........###..#
#...####b........#.....
#...# #..............)
#...# ###.#^#.....##^.
#...# #.#......#####
##### #.##..........
#.##....>.....
####.............
##........#...####


You could see 3 gnolls and a bat.

Vanquished Creatures
  2 adders (D:2)
  An ooze (D:1)
  A dart slug (D:1)
  2 leopard geckos
  2 ball pythons (D:1)
  2 giant cockroaches
  5 goblins
  8 hobgoblins
  6 bats
  2 frilled lizards
  3 kobolds
  2 rats (D:1)
36 creatures vanquished.

Notes
Turn   | Place    | Note
-------+----------+-------------------------------------------
     0 | D:1      | Alfie the Minotaur Fighter began the quest for the Orb.
     0 | D:1      | Reached XP level 1. HP: 19/19 MP: 0/0
    79 | D:1      | Reached XP level 2. HP: 25/27 MP: 1/1
   408 | D:1      | Reached XP level 3. HP: 33/33 MP: 2/2
   684 | D:2      | HP: 1/33 [gnoll/halberd of chopping (3)]
   684 | D:2      | Slain by a gnoll

Skill      XL: |  1  2  3 |
---------------+----------+-----
Armour         | 4 |  4.3
Fighting       | 4 |  4.1
Shields        | 4 |  4.3
Long Blades    | 3 |  3.2
Dodging        | |  0.2
Stealth        | |  0.1

Action                   || total
-------------------------++-------
Melee: Long sword        ||   102
       Headbutt          ||    24
Armor: Scale mail        ||    62
Dodge: Dodged            ||    37
Block: Shield            ||    98
       Rpst.: Long sword ||    11
